 Dungeon Crawl Stone Soup version 0.28-a0-779-g3d1f99b579 (webtiles) character file.

Game seed: 12505372292578581730

210 siradein the Poker (level 6, 0/72 HPs)
             Began as a Human Berserker on Nov 3, 2021.
             Was a Believer of Trog.
             Slain by a hornet zombie (6 damage)
             ... on level 4 of the Dungeon.
             The game lasted 00:10:06 (3346 turns).

siradein the Poker (Human Berserker)                Turns: 3346, Time: 00:10:07

Health: 0/72       AC:  5    Str: 18    XL:     6   Next: 12%
Magic:  6/6        EV: 12    Int:  7    God:    Trog [**....]
Gold:   79         SH:  0    Dex: 14    Spells: 5/5 levels left

rFire   . . .      SeeInvis .   m - +0 halberd
rCold   . . .      Faith    .   (shield currently unavailable)
rNeg    . . .      Spirit   .   d - +0 ring mail
rPois   .          Reflect  .   (no helmet)
rElec   .          Harm     .   (no cloak)
rCorr   .          Rampage  .   (no gloves)
Will    ++...                   (no boots)
Stlth   ..........              (no amulet)
HPRegen 1.22/turn               (no ring)
MPRegen 0.10/turn               (no ring)

@: berserking, strong-willed, regenerating, very quick
A: no striking features
a: Renounce Religion, Berserk, Trog's Hand


You were on level 4 of the Dungeon.
You worshipped Trog.
Trog was pleased with you.
You visited 1 branch of the dungeon, and saw 4 of its levels.

You collected 79 gold pieces.

Inventory:

Hand Weapons
 j - a +0 hunting sling
 m - a +0 halberd (weapon)
Missiles
 b - 31 stones (quivered)
Armour
 d - a +0 ring mail (worn)
Scrolls
 e - a scroll of noise {unknown}
 h - a scroll of fog {unknown}
 i - a scroll of teleportation {unknown}
 n - 4 scrolls of identify {unknown}
Potions
 a - a potion of lignification {unknown}
 c - 2 potions of degeneration {unknown}
 f - a potion of cancellation {unknown}
 g - a potion of attraction {unknown}
 k - 2 potions of curing {unknown}
 l - 2 potions of resistance {unknown}
 o - 2 potions of invisibility {unknown}


   Skills:
 + Level 4.0 Fighting
 + Level 4.1 Polearms
 + Level 3.3 Armour
 + Level 3.3 Dodging


You had 5 spell levels left.
You didn't know any spells.
Your spell library was empty.

Dungeon Overview and Level Annotations

Branches:
Dungeon (4/15)
 Temple: D:4-7

Altars:

Shops:
D:2 [[*


Message History

Found a stone staircase leading down.
There is a stone staircase leading up here.
A hornet zombie is nearby!
You reach to attack!
You slash the hornet zombie!
The hornet zombie is lightly damaged.
The hornet zombie hits you but does no damage.
You closely miss the hornet zombie.
The hornet zombie is lightly damaged.
The hornet zombie hits you! The hornet zombie hits you.
You puncture the hornet zombie!
The hornet zombie is heavily damaged.
The hornet zombie hits you!
You closely miss the hornet zombie.
The hornet zombie is heavily damaged.
The hornet zombie hits you but does no damage.
The hornet zombie hits you.
You barely miss the hornet zombie.
The hornet zombie is heavily damaged.
The hornet zombie hits you! The hornet zombie barely misses you.
Your skin crawls.
You feel strong-willed. The hornet zombie hits you!
* * * LOW HITPOINT WARNING * * *
You slash the hornet zombie!
The hornet zombie is severely damaged.
The hornet zombie hits you.
* * * LOW HITPOINT WARNING * * *
The hornet zombie closely misses you.
You hit the hornet zombie.
The hornet zombie is severely damaged.
The hornet zombie hits you!
* * * LOW HITPOINT WARNING * * *
You slash the hornet zombie!
The hornet zombie is almost destroyed.
The hornet zombie hits you!
* * * LOW HITPOINT WARNING * * *
The hornet zombie barely misses you.
A red film seems to cover your vision as you go berserk!
You feel yourself moving faster!
You feel mighty! The hornet zombie hits you.
You die...

.. .## ###
...... . ..#..
... #.#.#######
....#..........
...........##
.......@$...#
..>...#Z....#
.#.#. ......# #
...#...#
..?...#.#
.........#
.#####. ### #.
..


You could see a hornet zombie.

Vanquished Creatures
  Jessica (D:3)
  2 orc wizards (D:3)
  3 gnolls (D:2)
  4 adders
  2 dart slugs
  2 worms (D:3)
  3 orcs (D:3)
  3 ball pythons
  5 endoplasms
  2 giant cockroaches
  6 goblins
  5 hobgoblins
  3 jackals (D:2)
  5 kobolds
  2 quokkas (D:1)
  5 bats
  3 frilled lizards
  5 rats
61 creatures vanquished.

Notes
Turn   | Place    | Note
-------+----------+-------------------------------------------
     0 | D:1      | siradein the Human Berserker began the quest for the Orb.
     0 | D:1      | Reached XP level 1. HP: 18/18 MP: 1/1
    88 | D:1      | Reached XP level 2. HP: 9/24 MP: 2/2
   799 | D:1      | Reached XP level 3. HP: 23/29 MP: 3/3
  1288 | D:2      | Found Ezery's General Store.
  1291 | D:2      | Found Hibe's Armour Shoppe.
  1344 | D:2      | Reached ** piety under Trog
  1469 | D:2      | Reached XP level 4. HP: 35/35 MP: 4/4
  1920 | D:2      | Found a faded altar of an unknown god.
  2177 | D:2      | Found Faerubemm's Armour Emporium.
  2315 | D:2      | Reached XP level 5. HP: 41/41 MP: 5/5
  2564 | D:3      | Noticed Jessica
  2573 | D:3      | Killed Jessica
  2871 | D:3      | Reached XP level 6. HP: 40/48 MP: 6/6
  3346 | D:4      | Slain by a hornet zombie

Illustrated notes

Levels and vault maps discovered:
D:1:      lightli_arrival_isolated_outpost, layout_basic
D:2:      layout_loops_ring, serial_shops, shop, nicolae_shop_waterfront, shop,
          hellmonk_ecumenical_altar_dog_temple, grunt_decor_arrowhead
D:3:      layout_loops_corners, kennysheep_generic_room_12, uniq_jessica
D:4:      layout_basic, grunt_decor_fettered, nicolae_elemental_shop,
          uniq_blork_the_orc, uniq_grinder, uniq_eustachio

Skill      XL: |  1  2  3  4  5 |
---------------+----------------+-----
Armour         | 3 |  3.3
Dodging        | 3 |  3.3
Polearms       | 4 |  4.1
Fighting       | 4 |  4.0

Action                   |  1- 3 |  4- 6 || total
-------------------------+-------+-------++-------
Melee: Spear             |    95 |    11 ||   106
       Halberd           |       |    77 ||    77
Invok: Berserk           |     1 |     2 ||     3
       Trog's Hand       |       |     2 ||     2
 Stab: Sleeping          |     1 |       ||     1
Armor: Animal skin       |     3 |       ||     3
       Ring mail         |    19 |    21 ||    40
Dodge: Dodged            |    40 |    28 ||    68

Table legend: (Time is in decaauts)
 A = Elapsed time spent in this place.
 B = Non-inter-level travel time spent in this place.
 C = Inter-level travel time spent in this place.
 D = Time resting spent in this place.
 E = Time spent auto-exploring this place.
 F = Levels seen in this place.
 G = Mean time per level.
                   A        B        C        D        E       F      G
               +--------+--------+--------+--------+--------+-----+--------+
         Total |   3379 |   3287 |     92 |     43 |   2810 |   4 |  844.8 |
       Dungeon |   3379 |   3287 |     92 |     43 |   2810 |   4 |  844.8 |
               +--------+--------+--------+--------+--------+-----+--------+

Top non-repeatable levels by time:
     D:1: 1261 daAuts
     D:2: 1066 daAuts
     D:3: 1035 daAuts
     D:4: 17 daAuts
